 Dungeon Crawl Stone Soup version 0.25-a0-258-g6d7e32a812 (webtiles) character file.

Game seed: 2752249119793490290, levelgen mode: deterministic

1491 MrRokkomies the Arsonist (level 8, -22/41 HPs)
             Began as a Tengu Fire Elementalist on Dec 6, 2019.
             Was a Believer of Sif Muna.
             Annihilated by an orc warrior
             ... wielding a +0 broad axe
              (39 damage)
             ... in a bailey.
             The game lasted 00:21:05 (5721 turns).

MrRokkomies the Arsonist (Tengu Fire Elementalist)  Turns: 5721, Time: 00:21:05

Health: -22/41     AC:  9    Str: 13    XL:     8   Next: 80%
Magic:  12/12      EV: 15    Int: 16    God:    Sif Muna [**....]
Gold:   446        SH:  0    Dex: 14    Spells: 3/11 levels left

rFire    + . .     SeeInvis .   b - +5 hunting sling of Pacuc {freeze, rF+ rN+ Str+2}
rCold    + . .     Gourm    .   (no shield)
rNeg     + . .     Faith    .   j - +1 ring mail {rC+}
rPois    .         Spirit   .   (helmet restricted)
rElec    .         Reflect  .   n - +1 cloak
rCorr    .         Harm     .   v - +0 pair of gloves
MR       .....                  (boots unavailable)
Stlth    +.........             (no amulet)
HPRegen  0.13/turn              (no ring)
MPRegen  0.13/turn              (no ring)

@: flying quickly and evasively, quick
A: beak, talons 3, able to fly
a: Stop Flying, Channel Magic, Renounce Religion


You were in a bailey.
You worshipped Sif Muna.
Sif Muna was pleased with you.
You were not hungry.

You visited 1 branch of the dungeon, and saw 7 of its levels.
You also visited: Bailey.

You collected 446 gold pieces.

Inventory:

Hand Weapons
 a - a +1 spear
 b - the +5 hunting sling of Pacuc (weapon) {freeze, rF+ rN+ Str+2}
   (You found it on level 6 of the Dungeon)

   It causes projectiles fired from it to freeze those they strike, causing
   extra injury to most foes and up to half again as much damage against
   particularly susceptible opponents.
   They can also slow down cold-blooded creatures.
   It affects your strength (+2).
   It protects you from fire.
   It protects you from negative energy.
 m - a +0 war axe of draining
Missiles
 g - 116 sling bullets
 h - 158 stones (quivered)
 l - 19 poisoned darts
Armour
 j - a +1 ring mail of cold resistance (worn)
 n - a +1 cloak (worn)
 v - a +0 pair of gloves (worn)
Wands
 f - a wand of polymorph (12)
 u - a wand of digging (4)
Scrolls
 e - 2 scrolls of fear
 o - 2 scrolls of remove curse
 p - a scroll of amnesia
 s - a scroll of identify
Potions
 d - a potion of resistance
 i - 2 potions of curing
 k - a potion of brilliance
 q - a potion of cancellation {unknown}
 r - 2 potions of agility
 t - a potion of haste {unknown}
Comestibles
 c - 15 rations
 w - 3 chunks of flesh


   Skills:
 + Level 4.4 Slings
 + Level 4.8 Dodging
 - Level 2.0 Stealth
 - Level 2.0 Spellcasting
 * Level 7.3 Conjurations
 * Level 8.0 Fire Magic


You had 3 spell levels left.
You knew the following spells:

 Your Spells              Type           Power        Failure   Level  Hunger
a - Foxfire               Conj/Fire      ####         1%          1    #......
b - Conjure Flame         Conj/Fire      ####....     6%          3    ###....
c - Sticky Flame          Conj/Fire      ####....     19%         4    #####..

Your spell library contained the following spells:

 Spells                   Type           Power        Failure   Level  Hunger
 Inner Flame              Hex/Fire       ##......     26%         3    ###....
 Apportation              Tloc           #.....       41%         1    #......
 Sting                    Tmut/Pois      #...         41%         1    #......
 Shroud of Golubria       Chrm/Tloc      #.....       56%         2    ###....
 Fireball                 Conj/Fire      ####......   47%         5    ######.
 Controlled Blink         Tloc           N/A          100%        8    #######
 Disjunction              Tloc           #.........   100%        8    #######


Dungeon Overview and Level Annotations

Branches:
Dungeon (7/15)             Temple (0/1) D:4          Bailey (1/1)

Altars:
Ashenzari
Dithmenos
Hepliaklqana
Makhleb
Okawaru
Ru
Sif Muna
Uskayaw
Yredelemnul

Shops:
D:6 }


Innate Abilities, Weirdness & Mutations

You have a beak for a mouth.
You have claws for feet.
You can fly continuously.


Message History

As you read the scroll of fear, it crumbles to dust.
You assume a fearsome visage.
The kobold looks frightened!
The orc warrior looks frightened! x3; The hobgoblin looks frightened!
The orc looks frightened!
The orc knight looks frightened!
A hobgoblin comes into view. It is wielding a +0 hand axe.
The orc warrior cries, "Oh dear!
Oh dear!"
A kobold comes into view.
The kobold shouts!
Cornered, the orc warrior turns to fight!
Cornered, the hobgoblin turns to fight!
Cornered, the orc turns to fight!
Cornered, the orc warrior turns to fight!
Cornered, the orc knight turns to fight!
Cornered, the orc warrior turns to fight!
Okay, then.
Unknown command.
Okay, then.
Unknown command.
The orc warrior hits you with a +0 broad axe!!!
Ouch! That really hurt!
You die...

### ##8##
##.\.##
#8^.^8#
##.@.## ##o##
#\..(≈o≈K..\#
#+###≈o≈###+#
(≈g≈( ##≈o≈##
K≈o≈( #≈g≈#
K≈.≈K


You could see an orc knight, 3 orc warriors, an orc, 2 hobgoblins and a kobold.

Vanquished Creatures
  A sky beast (D:5)
  2 orc warriors
  A phantom (D:6)
  An ice beast (D:5)
  2 centaurs
  A bullfrog (D:6)
  A scorpion (D:5)
  4 crimson imps
  3 bullfrog skeletons
  2 orc priests (D:5)
  3 orc wizards
  A centaur skeleton (D:5)
  An iguana (D:6)
  3 worker ants
  A worker ant zombie (D:5)
  3 adders
  5 gnolls
  2 shadow imps
  2 oozes
  2 worms (D:2)
  5 leopard geckos
  12 orcs
  7 bats
  5 giant cockroaches
  12 goblins
  13 hobgoblins
  15 jackals
  6 quokkas
  5 frilled lizards (D:1)
  14 kobolds
  A leopard gecko skeleton (D:4)
  12 rats
148 creatures vanquished.

Vanquished Creatures (others)
  130 foxfires
130 creatures vanquished.

Grand Total: 278 creatures vanquished

Notes
Turn   | Place    | Note
-------+----------+-------------------------------------------
     0 | D:1      | MrRokkomies the Tengu Fire Elementalist began the quest for
                  | the Orb.
     0 | D:1      | Reached XP level 1. HP: 10/10 MP: 4/4
   122 | D:1      | Reached XP level 2. HP: 15/15 MP: 4/6
   154 | D:1      | Reached skill level 4 in Fire Magic
   455 | D:1      | Reached XP level 3. HP: 19/19 MP: 3/7
   817 | D:2      | Learned a level 3 spell: Conjure Flame
   873 | D:2      | Reached XP level 4. HP: 19/24 MP: 1/8
  1124 | D:2      | Reached skill level 5 in Fire Magic
  1189 | D:2      | Found a shimmering blue altar of Sif Muna.
  1191 | D:2      | Found a basalt altar of Yredelemnul.
  1194 | D:2      | Became a worshipper of Sif Muna the Loreminder
  1196 | D:2      | Found a sacrificial altar of Ru.
  1197 | D:2      | Found a shadowy altar of Dithmenos.
  1633 | D:3      | Found a shattered altar of Ashenzari.
  2044 | D:3      | Gained mutation: You can fly continuously. [Tengu growth]
  2044 | D:3      | Reached XP level 5. HP: 20/28 MP: 9/9
  2205 | D:3      | Learned a level 4 spell: Sticky Flame
  2453 | D:4      | Noticed a +0 dagger
  2454 | D:4      | Noticed a +0 hand axe
  2457 | D:4      | Found a hide-covered altar of Uskayaw.
  2514 | D:4      | Found a burning altar of Makhleb.
  2538 | D:4      | Noticed a centaur
  2547 | D:4      | Killed a centaur
  2659 | D:4      | Reached skill level 6 in Fire Magic
  2659 | D:4      | Reached XP level 6. HP: 29/32 MP: 10/10
  2693 | D:4      | You are sucked into a shaft and drop 1 floor!
  2693 | D:5      | Entered Level 5 of the Dungeon
  2758 | D:5      | Noticed an ice beast
  2769 | D:5      | Killed an ice beast
  2839 | D:5      | Reached * piety under Sif Muna
  2998 | D:5      | Reached skill level 5 in Conjurations
  2998 | D:5      | Reached XP level 7. HP: 31/36 MP: 11/11
  3329 | D:5      | Reached skill level 7 in Fire Magic
  3549 | D:4      | Found a staircase to the Ecumenical Temple.
  4533 | D:6      | Got a smoking hunting sling
  4534 | D:6      | Identified the +5 hunting sling of Pacuc {freeze, rF+ rN+
                  | Str+2} (You found it on level 6 of the Dungeon)
  4693 | D:6      | Identified Wuobaini's Almanac of Mutagenic Dislocation
  4754 | D:6      | Reached skill level 1 in Slings
  4754 | D:6      | Reached XP level 8. HP: 38/41 MP: 12/12
  4886 | D:6      | Found an iron altar of Okawaru.
  5031 | D:6      | Found Jeshre's Gadget Shoppe.
  5510 | D:7      | Found a hazy altar of Hepliaklqana.
  5524 | D:7      | Reached ** piety under Sif Muna
  5644 | D:7      | Reached skill level 8 in Fire Magic
  5647 | D:7      | Found a flagged portal.
  5672 | Bailey   | Entered a bailey
  5696 | Bailey   | Noticed an orc knight
  5721 | Bailey   | Annihilated by an orc warrior

Levels and vault maps discovered:
D:1:      psy_arrival_radial02, layout_rooms
D:2:      layout_basic, minitemple, serial_bayou_pond_d, minmay_quadrilaterals
D:3:      layout_basic, first_ration, ashenzari_altar_1
D:4:      layout_layer_cave, dancing_weapons_uskayaw, old_standard_altar,
          temple_hall, serial_glass, glass_columns_c, glass_columns_c,
          glass_columns_a, glass_columns_a, glass_columns_c, glass_columns_a,
          kennysheep_minor_cross, serial_bayou_pond_c, minivault_14,
          kennysheep_windowed_goal
D:5:      layout_cave_pools
D:6:      layout_loops_corners, okawaru_altar_gauntlet_db, serial_shops,
          nicolae_shop_trees
D:7:      layout_basic, overflow_temple_1_default, tso_altar, enter_bailey_7,
          uniq_pikel, uniq_prince_ribbit1
Bailey:   bailey_axe_1, bailey

Skill      XL: |  1  2  3  4  5  6  7  8 |
---------------+-------------------------+-----
Fire Magic     | 4 5 6 7 8 |  8.0
Conjurations   | 2 3 5 6 7 |  7.3
Dodging        | 3 4 |  4.8
Slings         | 1 4 |  4.4
Stealth        | |  2.0
Spellcasting   | |  2.0

Action                   |  1- 3 |  4- 6 |  7- 9 || total
-------------------------+-------+-------+-------++-------
Melee: Whip              |    45 |    51 |       ||    96
       Peck              |     7 |    26 |     4 ||    37
       Kick              |     9 |    38 |     6 ||    53
       Spear             |       |   129 |    37 ||   166
 Fire: Hunting sling     |       |       |   155 ||   155
Throw: Dart              |     2 |       |     2 ||     4
 Cast: Foxfire           |    30 |    12 |    31 ||    73
       Conjure Flame     |       |     1 |     1 ||     2
       Sticky Flame      |       |     3 |     3 ||     6
 Abil: Fly               |       |     1 |       ||     1
  Use: Scroll            |       |    10 |     8 ||    18
       Potion            |       |     6 |     1 ||     7
 Stab: Sleeping          |       |     3 |     2 ||     5
       Distracted        |       |     1 |       ||     1
  Eat: Chunk             |       |     5 |     6 ||    11
       Ration            |       |     1 |     1 ||     2
Armor: Robe              |     5 |       |       ||     5
       Ring mail         |    18 |    78 |    30 ||   126
Dodge: Dodged            |    32 |   160 |    74 ||   266

Table legend:
 A = Non-vault XP
 B = Vault XP
 C = Vault XP percentage of total XP
 D = Non-vault monster count
 E = Vault monster count
 F = Vault count percentage of total count
                 A         B        C        D         E       F
            +---------+---------+-------+---------+---------+-------
      Total |    1882 |     248 |  11.6 |     122 |      26 |  17.6
            +---------+---------+-------+---------+---------+-------
        D:1 |      44 |       0 |   0.0 |      25 |       0 |   0.0
        D:2 |      67 |      14 |  17.3 |      29 |       7 |  19.4
        D:3 |      41 |       0 |   0.0 |      16 |       0 |   0.0
        D:4 |     196 |       0 |   0.0 |       7 |       0 |   0.0
        D:5 |     697 |       0 |   0.0 |      26 |       0 |   0.0
        D:6 |     632 |      48 |   7.1 |      16 |       6 |  27.3
        D:7 |     205 |      33 |  13.9 |       3 |       4 |  57.1
     Bailey |       0 |     153 | 100.0 |       0 |       9 | 100.0
            +---------+---------+-------+---------+---------+-------
